 Dungeon Crawl Stone Soup version 0.30.2 (webtiles) character file.

Game seed: 9944826131915590307

13425 porpoise the Grappler (level 11, 0/98 HPs)
             Began as a Troll Wanderer on Jan 30, 2024.
             Was an Elder of Hepliaklqana.
             Slain by a six-headed hydra (7 damage)
             ... on level 2 of the Lair of Beasts.
             The game lasted 00:42:39 (12105 turns).

porpoise the Grappler (Troll Wanderer)             Turns: 12105, Time: 00:42:40

Health: 0/98       AC: 11    Str: 20    XL:     11   Next: 75%
Magic:  15/15      EV: 15    Int:  7    God:    Hepliaklqana [****..]
Gold:   1061       SH:  0    Dex: 18    Spells: 16/16 levels left

rFire   . . .        b - +0 shortbow (drain)
rCold   + + .        (shield currently unavailable)
rNeg    . . .        K - +0 acid dragon scales
rPois   .            O - +1 hat {SInv}
rElec   .            g - +1 cloak
rCorr   +            (gloves unavailable)
SInv    +            (boots unavailable)
Will    +....        (no amulet)
Stlth   ++           h - +5 ring of evasion
HPRegen 1.16/turn    c - ring "Ipeaci" {rC++ Will+ rCorr Str-2 Dex+4}
MPRegen 0.14/turn

%: no passive effects
@: no status effects
A: reduced essence, large, unfitting armour, claws 3, regeneration 1, shaggy fur
1, tough skin 1
a: Renounce Religion, Recall Ancestor, Ancestor Identity, Transference, Idealise


You were on level 2 of the Lair of Beasts.
You worshipped Hepliaklqana.
Hepliaklqana was greatly pleased with you.
You visited 3 branches of the dungeon, and saw 14 of its levels.

You collected 1381 gold pieces.
You spent 320 gold pieces at shops.

Inventory:

Hand Weapons
 b - a +0 shortbow of draining (weapon)
 i - a +1 arbalest
 r - the +2 quarterstaff of the Tired Leylines {flame, +Blink rC+ Str+3 Dex-5}
   (You found it on level 3 of the Dungeon)

   Str:       It affects your strength (+3).
   Dex:       It affects your dexterity (-5).
   rC:        It protects you from cold.
   +Blink:    It lets you blink.
 A - a +2 dagger of venom
Missiles
 a - 28 poisoned darts
 t - 2 javelins
 z - a boomerang
 H - 2 curare-tipped darts
Armour
 g - a +1 cloak (worn)
 p - an orb of energy
 G - +0 steam dragon scales
 K - +0 acid dragon scales (worn)
 O - a +1 hat of see invisible (worn)
Jewellery
 c - the ring "Ipeaci" (right claw) {rC++ Will+ rCorr Str-2 Dex+4}
   (You found it on level 3 of the Dungeon)

   [ring of willpower]

   Str:       It affects your strength (-2).
   Dex:       It affects your dexterity (+4).
   rC:        It greatly protects you from cold.
   rCorr:     It protects you from acid and corrosion.
   Will:      It increases your willpower.
 h - a +5 ring of evasion (left claw)
 q - a ring of positive energy
 I - a ring of protection from fire
Wands
 y - a wand of charming (16)
 E - a wand of roots (13)
 F - a wand of flame (24)
Scrolls
 d - 2 scrolls of blinking
 e - 8 scrolls of identify
 j - 3 scrolls of poison
 k - 5 scrolls of enchant armour
 n - 2 scrolls of teleportation
 u - 2 scrolls of vulnerability
 v - a scroll of enchant weapon
 x - 3 scrolls of fog
 B - 2 scrolls of fear
 L - a scroll of amnesia
 M - a scroll of torment
 N - a scroll of magic mapping
 P - a scroll of immolation
Potions
 f - 5 potions of cancellation
 l - 2 potions of resistance
 m - 5 potions of mutation
 o - a potion of magic
 s - a potion of attraction
 w - a potion of ambrosia
 C - 4 potions of might
 D - a potion of brilliance
 J - a potion of lignification


   Skills:
 - Level 7.0 Fighting
 - Level 1.7 Throwing
 + Level 2.7 Armour
 + Level 3.1 Dodging
 - Level 1.0 Stealth
 + Level 14.3 Unarmed Combat
 - Level 3.3 Spellcasting
 - Level 7.0 Invocations


You had 16 spell levels left.
You didn't know any spells.
Your spell library contained the following spells:

 Spells                   Type           Power      Damage    Failure   Level
 Blink                    Tloc           2%         N/A       54%         2
 Ensorcelled Hibernation  Hex/Ice        2%         N/A       54%         2
 Lesser Beckoning         Tloc           2%         N/A       54%         2
 Momentum Strike          Conj/Tloc      2%         3d8       54%         2
 Searing Ray              Conj           2%         2d4       54%         2
 Static Discharge         Conj/Air       2%         2-3/arc   54%         2
 Gell's Gravitas          Tloc           1%         N/A       77%         3
 Spider Form              Tmut/Pois      1%         N/A       77%         3
 Teleport Other           Tloc           1%         N/A       77%         3
 Volatile Blastmotes      Fire/Tloc      2%         2d10      77%         3
 Anguish                  Hex/Necr       0%         N/A       99%         4
 Cause Fear               Hex            0%         N/A       99%         4
 Fulminant Prism          Conj/Hex       0%         3d5       99%         4
 Iskenderun's Mystic Bla  Conj/Tloc      1%         2d3       99%         4
 Iskenderun's Battlesphe  Conj           1%         2d6       100%        5
 Lee's Rapid Deconstruct  Erth           0%         3d4*      100%        5
 Iron Shot                Conj/Erth      0%         9d1       100%        6
 Dragon Form              Tmut           0%         N/A       100%        7
 Spellforged Servitor     Conj/Summ      0%         N/A       100%        7
 Dragon's Call            Summ           0%         N/A       100%        9


Dungeon Overview and Level Annotations

Branches:
Dungeon (11/15)            Temple (1/1) D:7            Lair (2/5) D:9
    Orc (0/2) D:10
  Swamp: Lair:2-3    Shoals: Lair:2-3     Snake: Lair:2-3    Spider: Lair:2-3

Altars:
Ashenzari
Cheibriados
Dithmenos
Elyvilon
Fedhas
Gozag
Hepliaklqana
Kikubaaqudgha
Makhleb
Nemelex Xobeh
Okawaru
Qazlal
Ru
Sif Muna
Trog
Uskayaw
Vehumet
Wu Jian
Xom
Yredelemnul
Zin
The Shining One

Shops:
D:3 ?   D:5 !   D:10 [

Annotations:
D:3 1 runed translucent door, RancidPinata's ghost, amateur OpDe
D:5 3 runed translucent doors, champdelmundo's ghost, novice SpAE
D:7 exclusions: ancestor and 1 more exclusion
D:8 exclusion: upstairs


Innate Abilities, Weirdness & Mutations

Your life essence is reduced to manifest your ancestor. (-10% HP)
You are too large for most types of armour.
You have claws for hands.
Your natural rate of healing is unusually fast.
You are covered in fur. (AC +1)
You have tough skin. (AC +1)


Message History

The puff of flame hits the six-headed hydra!
The six-headed hydra is almost dead.
The six-headed hydra closely misses you.
The six-headed hydra completely misses you.
The six-headed hydra bites you but does no damage. x2
The six-headed hydra bites you.
The six-headed hydra bites you but does no damage.
Aiming: Throw Flame
Press: ? - help, Shift-Dir - straight line, f/p - six-headed hydra
Aim: a six-headed hydra (almost dead, lightly drained, 89% to hit)
The puff of flame hits the six-headed hydra.
The six-headed hydra is almost dead.
The six-headed hydra bites you.
The six-headed hydra bites you but does no damage.
The six-headed hydra barely misses you. The six-headed hydra bites you.
The six-headed hydra bites you but does no damage.
The six-headed hydra closely misses you.
Aiming: Throw Flame
Press: ? - help, Shift-Dir - straight line, f/p - six-headed hydra
Aim: a six-headed hydra (almost dead, lightly drained, 89% to hit)
The puff of flame hits the six-headed hydra.
The six-headed hydra is almost dead.
The six-headed hydra bites you!
* * * LOW HITPOINT WARNING * * *
The six-headed hydra bites you!
* * * LOW HITPOINT WARNING * * *
The six-headed hydra bites you but does no damage.
The six-headed hydra bites you.
* * * LOW HITPOINT WARNING * * *
The six-headed hydra barely misses you. The six-headed hydra misses you.
Aiming: Throw Flame
Press: ? - help, Shift-Dir - straight line, f/p - six-headed hydra
Aim: a six-headed hydra (almost dead, lightly drained, 89% to hit)
The puff of flame hits the six-headed hydra.
The six-headed hydra is almost dead.
The six-headed hydra bites you.
* * * LOW HITPOINT WARNING * * *
The six-headed hydra closely misses you.
The six-headed hydra bites you!
You die...

.##.#........ #............
..## ##..........###...# ###
#....#.P.........#. ##P#
#................# #...
#...............# #...
#...............# #...
#...............# #...
##..P#....@D.....# ####...
##...##P#.P#PP...#####......
#.#..###########............
###...# ##........... #....#
#....<....... #†..##
##........... #...#
#.######..... ##...## ### #
#..... #...#.#####.## ......


You could see a six-headed hydra (drained).

Vanquished Creatures
  A two-headed ogre (D:10)
  Amaemon (D:8)
  Pikel (D:4)
  An orange demon (D:8)
  2 cane toads (Lair:1)
  2 rime drakes
  2 komodo dragons
  A kobold demonologist (D:10)
  A hornet (D:9)
  2 slime creatures (D:8)
  15 yaks
  Grum (Lair:1)
  3 wyverns
  2 steam dragons
  A warg (D:10)
  A water moccasin (D:5)
  An acid dragon (D:10)
  6 orc warriors
  3 black bears
  An ice beast (D:7)
  An ogre (D:6)
  A sky beast (D:6)
  6 wolves (Lair:1)
  11 centaurs
  3 phantoms
  A kobold brigand (D:10)
  3 lemures (D:4)
  Blork the orc (D:6)
  5 bullfrogs
  A gnoll sergeant (D:8)
  2 scorpions
  5 wights
  4 howler monkeys (D:9)
  15 orc priests
  2 sleepcaps
  3 iguanas
  11 orc wizards
  4 gnolls (D:8)
  11 adders
  A shadow imp (D:6)
  3 worms
  A dart slug (D:4)
  50 orcs
  An endoplasm (D:4)
  3 giant cockroaches
  9 goblins
  8 hobgoblins
  5 jackals (D:1)
  15 kobolds
  5 quokkas
  11 ball pythons
  5 bats
  4 frilled lizards
  8 rats
267 creatures vanquished.

Vanquished Creatures (collateral kills)
  A cane toad (Lair:2)
  A wraith (D:9)
  A wyvern (Lair:1)
  An orc warrior (D:8)
  2 wolves (Lair:1)
  A kobold brigand (D:7)
  A bullfrog (Lair:2)
  2 wights (D:9)
  An orc wizard (D:9)
  4 orcs
  2 kobolds
17 creatures vanquished.

Vanquished Creatures (others)
  A battlemage (Lair:2)
  7 ancestors
  An orc (D:8)
9 creatures vanquished.

Grand Total: 293 creatures vanquished

Notes
Turn   | Place    | Note
-------+----------+-------------------------------------------
     0 | D:1      | porpoise the Troll Wanderer began the quest for the Orb.
     0 | D:1      | porpoise set off with the following items: a +2 dagger, 2
                  | curare-tipped darts, a +0 cloak, a scroll of blinking, a +0
                  | robe; and the following spells available to memorise:
                  | Searing Ray, Static Discharge.
     0 | D:1      | Reached XP level 1. HP: 16/16 MP: 3/3
   147 | D:1      | Reached skill level 1 in Unarmed Combat
   180 | D:1      | Reached XP level 2. HP: 26/26 MP: 5/5
   654 | D:1      | Reached skill level 1 in Fighting
   661 | D:1      | Reached skill level 2 in Unarmed Combat
   897 | D:2      | Reached XP level 3. HP: 33/33 MP: 6/6
  1207 | D:2      | Reached skill level 3 in Unarmed Combat
  1207 | D:2      | Reached XP level 4. HP: 39/41 MP: 8/8
  1552 | D:3      | Identified the ring "Ipeaci" {rC++ Will+ rCorr Str-2 Dex+4}
  1586 | D:3      | Identified the +2 quarterstaff of the Tired Leylines
                  | {flame, +Blink rC+ Str+3 Dex-5}
  1636 | D:3      | Found a runed translucent door.
  1638 | D:3      | Noticed RancidPinata's ghost (amateur OpDe)
  1872 | D:3      | Found a sparkling altar of Nemelex Xobeh.
  1962 | D:3      | Found Inualiodd's Magic Scroll Shop.
  1969 | D:3      | Bought a scroll of identify for 24 gold pieces
  1969 | D:3      | Bought a scroll of teleportation for 36 gold pieces
  2489 | D:4      | Reached XP level 5. HP: 49/49 MP: 9/9
  2657 | D:4      | Reached skill level 4 in Unarmed Combat
  2727 | D:4      | You fall into a shaft and drop 1 floor!
  2727 | D:5      | Entered Level 5 of the Dungeon
  2727 | D:5      | Found a runed translucent gate.
  2727 | D:5      | Found a runed translucent gate.
  2749 | D:5      | Noticed an ice beast
  2750 | D:5      | Noticed champdelmundo's ghost (novice SpAE)
  2750 | D:5      | Noticed an ice beast
  2768 | D:5      | Noticed an orc warrior
  2796 | D:5      | Killed an orc warrior
  2797 | D:5      | Reached skill level 5 in Unarmed Combat
  2797 | D:5      | Reached XP level 6. HP: 27/59 MP: 10/10
  2845 | D:5      | Found a bloodstained altar of Trog.
  2863 | D:5      | Noticed a water moccasin
  2872 | D:5      | Killed a water moccasin
  2904 | D:5      | Reached XP level 7. HP: 66/67 MP: 11/11
  2947 | D:5      | Reached skill level 6 in Unarmed Combat
  2973 | D:5      | Found Xoreetef's Distillery.
  2985 | D:5      | Bought a potion of might for 52 gold pieces
  3555 | D:4      | Noticed Pikel
  3562 | D:4      | Killed Pikel
  3563 | D:4      | Reached skill level 8 in Unarmed Combat
  3563 | D:4      | Reached XP level 8. HP: 73/79 MP: 12/12
  3704 | D:4      | Reached skill level 5 in Fighting
  4097 | D:5      | Found a runed translucent gate.
  4330 | D:6      | Reached skill level 9 in Unarmed Combat
  4670 | D:6      | Reached XP level 9. HP: 67/88 MP: 13/13
  4895 | D:6      | Noticed Blork the orc
  4900 | D:6      | Killed Blork the orc
  5155 | D:7      | Found a staircase to the Ecumenical Temple.
  5166 | D:7      | Reached skill level 10 in Unarmed Combat
  5197 | Temple   | Entered the Ecumenical Temple
  5248 | Temple   | Became a worshipper of Hepliaklqana the Forgotten
  5286 | D:7      | Found an iron altar of Okawaru.
  5593 | D:7      | Reached skill level 1 in Invocations
  5854 | D:7      | Reached * piety under Hepliaklqana
  6255 | D:7      | Reached skill level 11 in Unarmed Combat
  7264 | D:8      | Noticed Amaemon
  7265 | D:8      | Noticed an orange demon
  7284 | D:8      | Killed Amaemon
  7285 | D:8      | Reached XP level 10. HP: 34/90 MP: 14/14
  7292 | D:8      | Killed an orange demon
  7382 | D:8      | Found a white marble altar of Elyvilon.
  8025 | D:8      | Reached skill level 12 in Unarmed Combat
  8709 | D:9      | Found a staircase to the Lair.
  8959 | D:9      | Reached skill level 5 in Invocations
  8971 | D:9      | Found an ancient bone altar of Kikubaaqudgha.
  8971 | D:9      | Found a shimmering blue altar of Sif Muna.
  8971 | D:9      | Reached ** piety under Hepliaklqana
  9017 | D:9      | Found a shadowy altar of Dithmenos.
  9088 | D:9      | Reached skill level 13 in Unarmed Combat
  9571 | D:10     | Entered Level 10 of the Dungeon
  9599 | D:10     | Found a staircase to the Orcish Mines.
  9611 | D:10     | Reached XP level 11. HP: 96/98 MP: 15/15
  9853 | D:10     | Found an ornate altar of the Wu Jian Council.
  9877 | D:10     | Found a snail-covered altar of Cheibriados.
 10168 | D:10     | Noticed a two-headed ogre
 10174 | D:10     | Killed a two-headed ogre
 10226 | D:10     | Found Riosejix's Armour Shoppe.
 10280 | D:10     | Bought a +1 hat of see invisible for 208 gold pieces
 10684 | Lair:1   | Entered Level 1 of the Lair of Beasts
 10862 | Lair:1   | Noticed Grum
 10875 | Lair:1   | Reached skill level 14 in Unarmed Combat
 10879 | Lair:1   | Killed Grum
 10880 | Lair:1   | Reached skill level 1 in Armour
 10939 | Lair:1   | Reached *** piety under Hepliaklqana
 11304 | Lair:1   | Identified the +1 leather armour "Cacyadghe" {Harm rC-
                  | Dex+4 SInv}
 11917 | Lair:2   | Reached **** piety under Hepliaklqana
 11921 | Lair:2   | Identified a scroll of acquirement
 11922 | Lair:2   | Acquired 672 gold pieces
 12077 | Lair:2   | Remembered your ancestor Nikki as a battlemage
 12094 | Lair:2   | Noticed a six-headed hydra
 12105 | Lair:2   | Slain by a six-headed hydra

Illustrated notes

Levels and vault maps discovered:
D:1:      onia_arrival_handbag, layout_basic
D:2:      layout_rooms
D:3:      layout_loops_corners, mainiacjoe_overflow_alcove_4, serial_glass,
          glass_columns_b, glass_columns_a, ebering_ghost_reflecting_pool,
          serial_shops, shop_scrolls
D:4:      layout_loops_cross, guppyfry_early_orc_mine, uniq_pikel
D:5:      layout_gridville, bloody_trog, gammafunk_ghost_icy, serial_shops,
          nicolae_shop_hallway_plus, nrook_mini_vaults
D:6:      layout_basic, uniq_blork_the_orc
D:7:      layout_layer_cave, nicolae_overflow_hidden_temple,
          minmay_temple_entry_waves, centaur_isle
D:8:      layout_cave_pools, nicolae_overflow_crystal_walls,
          serial_co_window_serial, co_window_corner_a,
          co_window_of_opportunity_a, co_window_paths_a, co_window_paths_b,
          co_window_corner_a, co_window_corner_a, co_window_of_opportunity_a,
          co_window_paths_a, co_window_paths_a, co_window_broadway_a,
          co_window_corner_b, co_window_broadway_a, glass_columns_a,
          glass_columns_b, uniq_amaemon
D:9:      layout_cave_pools, minitemple, lair_entry_dummy, st_stairs_8,
          kb_lookout_dungeons_type, hangedman_decor_opposing
D:10:     layout_cave_pods, mainiacjoe_overflow_catwalk_spiral, erik_orc_3,
          serial_shops, shop, minmay_fractal_squares_5
D:11:     layout_roguey, gauntlet_entry_generic, enter_trove_2
Temple:   nicolae_temple_ecumenical_triangle
Lair:1:   layout_chaotic_city, grunt_megastairs_5, uniq_grum
Lair:2:   layout_gridlike, dummy_snake_entry

Skill      XL: |  1  2  3  4  5  6  7  8  9 10 11 |
---------------+----------------------------------+-----
Unarmed Combat | 1 2 3 5 8 9 11 13 14 | 14.3
Fighting       | 1 2 3 4 5 6 7 |  7.0
Invocations    | 3 5 7 |  7.0
Armour         | 2 |  2.7
Dodging        | 3 |  3.1
Throwing       | |  1.7
Stealth        | |  1.0
Spellcasting   | |  3.3

Action                     |  1- 3 |  4- 6 |  7- 9 | 10-12 || total
---------------------------+-------+-------+-------+-------++-------
  Melee: Unarmed           |   116 |   138 |   222 |   328 ||   804
         Punch             |     2 |     4 |    15 |    30 ||    51
   Fire: Arbalest          |       |       |    47 |       ||    47
         Shortbow          |       |       |    16 |     5 ||    21
  Throw: Dart              |       |     2 |    12 |       ||    14
 Invoke: Ancestor Identity |       |       |     1 |       ||     1
         Ancestor Life: Ba |       |       |       |     1 ||     1
  Evoke: Wand              |       |       |       |     4 ||     4
    Use: Scroll            |       |     5 |    12 |     9 ||    26
         Potion            |       |       |     5 |     3 ||     8
   Stab: Sleeping          |     7 |     4 |     2 |     2 ||    15
         Distracted        |       |       |     1 |     2 ||     3
 Armour: Robe              |    30 |    31 |    25 |       ||    86
         Steam dragon scal |       |       |    43 |    73 ||   116
         Acid dragon scale |       |       |       |    58 ||    58
  Dodge: Dodged            |    60 |    88 |   176 |   328 ||   652
